 Dungeon Sprint DCSS version 0.20.1-1-g8b1a95d (console) character file.

5800000 hilaritas the Sabretooth (level 19, -61/113 HPs)
             Began as a Felid Fighter on Feb 17, 2018.
             Was the Champion of Makhleb.
             Annihilated by a meat berserker
             ... wielding a +9 battleaxe
              (68 damage)
             ... in the Dungeon (Sprint VIII: "Arena of Blood").
             The game lasted 00:02:19 (58 turns).

hilaritas the Sabretooth (Felid Fighter)              Turns: 58, Time: 00:02:19

Health: -61/113    AC:  3    Str: 19    XL:     19   Next: 90%
Magic:  51/51      EV: 39    Int: 11    God:    Makhleb [******]
Gold:   0          SH:  0    Dex: 17    Spells: 72/72 levels left
                                        Lives:  0   Deaths: 5

rFire    + . .     SeeInvis +     - Unarmed
rCold    + . .     Gourm    .   (shield unavailable)
rNeg     . . .     Faith    .   (armour unavailable)
rPois    .         Spirit   .   (helmet unavailable)
rElec    .         Reflect  .   (cloak unavailable)
rCorr    .         Harm     .   (gloves unavailable)
MR       ++...     NoTele   +   (boots unavailable)
Stlth    +++++++++.             (no amulet)
Regen    0.3/turn               i - +27000 ring of slaying
MPRegen  0.4/turn               j - ring of protection from fire

@: quick
A: no armour, no weapons or thrown items, stealth, claws 1, fangs 3, see
invisible, carnivore 3, speed 1, shaggy fur 3, slow metabolism 1, sharp paws
a: Minor Destruction, Lesser Servant of Makhleb, Major Destruction, Greater
Servant of Makhleb, Renounce Religion


You were in the Dungeon.
You worshipped Makhleb.
Makhleb was exalted by your worship.
You were not hungry.

You visited 1 branch

Inventory:

Jewellery
 i - a +27000 ring of slaying (left paw)
 j - a ring of protection from fire (right paw)
Scrolls
 h - a scroll of blinking
Potions
 a - a potion of might
 c - a potion of curing
 d - a potion of heal wounds
 e - a potion of haste
 f - 2 potions of magic
 g - a potion of berserk rage
Comestibles
 b - a meat ration


   Skills:
 O Level 27 Fighting
 O Level 27 Dodging
 O Level 27 Stealth
 O Level 27 Unarmed Combat
 O Level 27 Spellcasting
 O Level 27 Invocations


You had 72 spell levels left.
You didn't know any spells.

Dungeon Overview and Level Annotations

Branches:
Dungeon (1/1)

Altars:
Makhleb


Innate Abilities, Weirdness & Mutations

You cannot wear armour.
You are incapable of wielding weapons or throwing items.
Your paws allow you to move quietly. (Stealth)
You have sharp claws.
You have razor-sharp teeth.
You have supernaturally acute eyesight. (SInv)
You are carnivorous and can eat meat at any time.
You cover ground quickly.
Your thick and shaggy fur keeps you warm. (AC +3, rC+)
You have a slow metabolism.
Your sharp claws are effective at attacking unaware monsters.


Message History

a +9 war axe; a +30 ring of slaying You eviscerate the meat berserker!!!!!!!
You kill the meat berserker!
Makhleb accepts your kill.
You feel better.
You hear a shout! x3
The meat berserker rages.
The destroyer blinks!
The tyrant waves its bony arms in wide circles.
The air twists around and strikes you!
The bag of meat hits you with a +9 war axe!!!
You hear a shout! x5
The bag of meat hits you with a +9 war axe!!
* * * LOW HITPOINT WARNING * * *
The bag of meat hits you with a +9 war axe!
* * * LOW HITPOINT WARNING * * *
The meat berserker barely misses you.
The meat berserker hits you with a +9 battleaxe!!!
Ouch! That really hurt!
You die...

..###......z.oOo.o.).#
.........o.o.###Oo)..#
......o..o.O.....).).#
.#...O...#.#Oo..o.)..#
_#.........oV..oo.x).#
.#......#.#.#o..ooo).#
.)o†....o....oo.oVo.)#
..o......#.#V#.o#....#
..###......o.§O#ooOo.#
..# .........oL#OoV.#
..# ......o..#@)...#
O.. .......oooOo...#
... ...#...ooo##..#
... ...#....o##...# ..
#.....# ..# #....##.
..# ....# ..# ..#. ..#


You could see a tyrant, 4 destroyers, 2 large bags of meat, 3 meat berserkers,
18 bags of meat and a crawling corpse.

Vanquished Creatures
  5 vampire knights (D)
  8 ogres (D)
  14 orcs (D)
27 creatures vanquished.

Notes
Turn   | Place    | Note
-------+----------+-------------------------------------------
     0 | D        | hilaritas the Felid Fighter began the quest for the Orb.
     0 | D        | Reached XP level 1. HP: 10/10 MP: 2/2
     3 | D        | Noticed a bag of meat
     4 | D        | Noticed a bag of meat
     4 | D        | Became a worshipper of Makhleb the Destroyer
     5 | D        | Noticed a bag of meat
     5 | D        | Noticed a meat berserker
     6 | D        | Noticed a meat berserker
     7 | D        | Noticed a bag of meat
     8 | D        | Killed a meat berserker
     8 | D        | Reached skill level 27 in Unarmed Combat
     8 | D        | Reached skill level 15 in Fighting
     8 | D        | Reached XP level 2. HP: 26/26 MP: 3/3
     8 | D        | Reached XP level 3. HP: 30/30 MP: 4/4
     8 | D        | Reached XP level 4. HP: 34/34 MP: 5/5
     8 | D        | Reached XP level 5. HP: 37/37 MP: 6/6
     8 | D        | Gained mutation: You are covered in thick fur. (AC +2) [Felid growth]
     8 | D        | Reached XP level 6. HP: 42/42 MP: 7/7
     8 | D        | Reached XP level 7. HP: 45/45 MP: 8/8
     8 | D        | Reached XP level 8. HP: 49/49 MP: 9/9
     8 | D        | Reached XP level 9. HP: 53/53 MP: 10/10
     8 | D        | Reached XP level 10. HP: 57/57 MP: 11/11
     8 | D        | Reached XP level 11. HP: 61/61 MP: 12/12
     8 | D        | Gained mutation: Your thick and shaggy fur keeps you warm. (AC +3, rC+) [Felid growth]
     8 | D        | Reached XP level 12. HP: 66/66 MP: 13/13
     8 | D        | Reached XP level 13. HP: 69/69 MP: 14/14
     9 | D        | Noticed a meat berserker
     9 | D        | Annihilated by a meat berserker
    10 | D        | Reached XP level 12. HP: -23/66 MP: 13/13
    10 | D        | Noticed a meat berserker
    10 | D        | Noticed a bag of meat
    10 | D        | Noticed a bag of meat
    10 | D        | Noticed a bag of meat
    11 | D        | Noticed a meat berserker
    11 | D        | Killed a meat berserker
    11 | D        | Reached * piety under Makhleb
    11 | D        | Reached XP level 13. HP: 82/82 MP: 14/14
    12 | D        | Noticed a bag of meat
    12 | D        | Noticed a bag of meat
    12 | D        | Noticed a bag of meat
    12 | D        | Noticed a bag of meat
    13 | D        | Noticed a bag of meat
    13 | D        | Noticed a bag of meat
    13 | D        | Noticed a bag of meat
    13 | D        | Noticed a meat berserker
    13 | D        | Noticed a destroyer
    14 | D        | Noticed a bag of meat
    14 | D        | Noticed a bag of meat
    14 | D        | Noticed a bag of meat
    14 | D        | Noticed a bag of meat
    14 | D        | Noticed a bag of meat
    14 | D        | Killed a destroyer
    14 | D        | Reached skill level 27 in Fighting
    14 | D        | Reached XP level 14. HP: 91/91 MP: 15/15
    14 | D        | Reached XP level 15. HP: 95/95 MP: 16/16
    15 | D        | Noticed a meat berserker
    16 | D        | Noticed a large bag of meat
    16 | D        | Noticed a meat berserker
    16 | D        | Noticed a meat berserker
    16 | D        | Noticed a destroyer
    17 | D        | Annihilated by a meat berserker
    18 | D        | Reached XP level 14. HP: -23/91 MP: 15/15
    18 | D        | Noticed a bag of meat
    18 | D        | Noticed a bag of meat
    18 | D        | Noticed a bag of meat
    18 | D        | Noticed a bag of meat
    20 | D        | Killed a bag of meat
    20 | D        | Reached ** piety under Makhleb
    20 | D        | Reached skill level 27 in Dodging
    20 | D        | Reached XP level 15. HP: 77/95 MP: 16/16
    21 | D        | Noticed a meat berserker
    24 | D        | Killed a destroyer
    24 | D        | Reached skill level 27 in Stealth
    24 | D        | Reached XP level 16. HP: 82/100 MP: 16/31
    26 | D        | Reached *** piety under Makhleb
    28 | D        | Killed a meat berserker
    28 | D        | Reached skill level 27 in Invocations
    28 | D        | Reached XP level 17. HP: 17/104 MP: 16/35
    30 | D        | Noticed a meat berserker
    30 | D        | Noticed a destroyer
    30 | D        | Reached **** piety under Makhleb
    31 | D        | Noticed a destroyer
    32 | D        | Noticed a destroyer
    32 | D        | Noticed a meat berserker
    33 | D        | Noticed a meat berserker
    34 | D        | Noticed a large bag of meat
    34 | D        | Killed a meat berserker
    34 | D        | Reached skill level 27 in Spellcasting
    34 | D        | Reached XP level 18. HP: 109/109 MP: 17/50
    35 | D        | Noticed a meat berserker
    36 | D        | Noticed a meat berserker
    36 | D        | Killed a meat berserker
    37 | D        | Annihilated by a destroyer
    38 | D        | Reached XP level 17. HP: -54/104 MP: 18/49
    38 | D        | Killed a destroyer
    38 | D        | Reached XP level 18. HP: 109/109 MP: 50/50
    39 | D        | Noticed a destroyer
    40 | D        | Noticed a destroyer
    40 | D        | Reached ***** piety under Makhleb
    41 | D        | Killed a destroyer
    41 | D        | Reached XP level 19. HP: 113/113 MP: 51/51
    43 | D        | Noticed a destroyer
    45 | D        | Killed a meat berserker
    45 | D        | Reached XP level 20. HP: 118/118 MP: 52/52
    47 | D        | Killed a destroyer
    49 | D        | Reached ****** piety under Makhleb
    51 | D        | Noticed a destroyer
    51 | D        | Killed a meat berserker
    51 | D        | Reached XP level 21. HP: 41/122 MP: 53/53
    51 | D        | Slain by a bag of meat
    52 | D        | Reached XP level 20. HP: 0/118 MP: 52/52
    52 | D        | Noticed a tyrant
    53 | D        | Noticed a meat berserker
    54 | D        | HP: 3/118 [destroyer/+9 great sword of slicing (100)]
    54 | D        | Annihilated by a destroyer
    55 | D        | Reached XP level 19. HP: -23/113 MP: 51/51
    57 | D        | Killed a meat berserker
    58 | D        | Annihilated by a meat berserker

Skill      XL: |  1  2  3  4  5  6  7  8  9 10 11 12 13 14 15 16 17 |
---------------+----------------------------------------------------+-----
Unarmed Combat | 27 | 27.0
Fighting       | 15 24 27 | 27.0
Dodging        | 22 27 26 | 27.0
Stealth        | 18 27 | 27.0
Invocations    | 20 27 | 27.0
Spellcasting   | 11 27 | 27.0

Action                   |  1- 3 |  4- 6 |  7- 9 | 10-12 | 13-15 | 16-18 | 19-21 || total
-------------------------+-------+-------+-------+-------+-------+-------+-------++-------
Melee: Unarmed           |     1 |       |       |     1 |     5 |    10 |    10 ||    27
Dodge: Dodged            |       |       |       |       |     1 |     3 |     7 ||    11
